 Dungeon Crawl Stone Soup version 0.22-a0-223-g0f5d773 (webtiles) character file.

43 Bugaboo the Skirmisher (level 3, 0/34 HPs)
             Began as a Minotaur Berserker on Feb 18, 2018.
             Was a Believer of Trog.
             Slain by a goblin
             ... wielding a +0 club
             ... led by Robin
              (2 damage)
             ... on level 2 of the Dungeon.
             The game lasted 00:03:29 (831 turns).

Bugaboo the Skirmisher (Minotaur Berserker)          Turns: 831, Time: 00:03:30

Health: 0/34       AC:  2    Str: 22    XL:     3   Next: 37%
Magic:  2/2        EV: 11    Int:  4    God:    Trog [**....]
Gold:   29         SH:  2    Dex:  9    Spells: 2/2 levels left

rFire    . . .     SeeInvis .   a - +0 mace
rCold    . . .     Gourm    .   k - +0 buckler
rNeg     . . .     Faith    .   b - +0 animal skin
rPois    .         Spirit   .   (helmet restricted)
rElec    .         Reflect  .   (no cloak)
rCorr    .         Harm     .   (no gloves)
MR       .....                  (no boots)
Stlth    +.........             (no amulet)
HPRegen  0.11/turn              (no ring)
MPRegen  0.08/turn              (no ring)

@: berserk cooldown, slowed, very slow
A: retaliatory headbutt, horns 2
a: Berserk, Trog's Hand, Renounce Religion


You were on level 2 of the Dungeon.
You worshipped Trog.
Trog was pleased with you.
You were not hungry.

You visited 1 branch of the dungeon, and saw 2 of its levels.

You collected 29 gold pieces.

Inventory:

Hand Weapons
 a - a +0 mace (weapon)
Armour
 b - a +0 animal skin (worn)
 k - a +0 buckler (worn)
Jewellery
 d - an uncursed ring of magical power {unknown}
 e - a +3 amulet of reflection {unknown}
 g - a +2 ring of evasion {unknown}
 i - a +5 ring of dexterity {unknown}
Scrolls
 f - a scroll of enchant armour {unknown}
 h - a scroll of remove curse {unknown}
 j - 3 scrolls of blinking {unknown}
Comestibles
 c - 4 rations


   Skills:
 + Level 4.3 Fighting
 + Level 4.3 Maces & Flails
 + Level 2.7 Armour
 + Level 2.6 Dodging


You had 2 spell levels left.
You didn't know any spells.

Dungeon Overview and Level Annotations

Branches:
Dungeon (2/15)

Altars:
Dithmenos

Annotations:
D:1 1 runed door


Innate Abilities, Weirdness & Mutations

You reflexively headbutt those who attack you in melee.
You have a pair of horns on your head.


Message History

The hobgoblin closely misses you. The goblin barely misses you.
You hit the hobgoblin.
You kill the hobgoblin!
Trog accepts your kill. The goblin barely misses you.
The goblin hits you with a club.
* * * LOW HITPOINT WARNING * * *
The hobgoblin hits you with a club.
* * * LOW HITPOINT WARNING * * *
The goblin hits you but does no damage. The goblin closely misses you.
You hit the goblin.
The goblin is heavily wounded.
The hobgoblin hits you with a club.
* * * LOW HITPOINT WARNING * * *
The goblin barely misses you. You furiously retaliate!
You headbutt the goblin.
You kill the goblin!
Trog accepts your kill. The goblin barely misses you.
The hobgoblin hits you but does no damage.
You closely miss the hobgoblin. The goblin hits you with a club.
You die...

.#................#.##.#
.###............).......
.# #########......####..
'###### #.###<## ......#
#...†.# ......# #####.#
......## #.# ##.....#
#g# #.....# #@#######.gS
#.....#
######gg)......gg
#.....#
#.....gg#######g#
#.....# #.#####.....?#
#.....####............#
#.....##..............+
#.....##.########.....#
#.....##.# .....#
####.###.# .....#


You could see 2 hobgoblins and 3 goblins.

Vanquished Creatures
  Robin (D:2)
  A worm (D:2)
  A ball python (D:2)
  A giant cockroach (D:1)
  8 goblins
  5 hobgoblins
  A kobold (D:1)
  3 bats (D:1)
  5 frilled lizards
  2 rats
28 creatures vanquished.

Notes
Turn   | Place    | Note
-------+----------+-------------------------------------------
     0 | D:1      | Bugaboo the Minotaur Berserker began the quest for the Orb.
     0 | D:1      | Reached XP level 1. HP: 19/19 MP: 0/0
     1 | D:1      | Found a runed door.
   335 | D:1      | Reached XP level 2. HP: 26/27 MP: 1/1
   742 | D:2      | Found a shadowy altar of Dithmenos.
   799 | D:2      | Noticed Robin
   811 | D:2      | Reached ** piety under Trog
   821 | D:2      | Killed Robin
   821 | D:2      | Reached XP level 3. HP: 13/34 MP: 2/2
   831 | D:2      | Slain by a goblin

Vault maps used:
D:1:      dpeg_arrival_caged_fury
D:2:      nicolae_dithmenos_through_a_glass_darkly, uniq_robin

Skill      XL: |  1  2 |
---------------+-------+-----
Maces & Flails | 4 |  4.3
Fighting       | 4 |  4.3
Armour         | |  2.7
Dodging        | |  2.6

Action                   || total
-------------------------++-------
Melee: Mace              ||    46
       Headbutt          ||     3
Invok: Berserk           ||     1
  Use: Potion            ||     1
Armor: Animal skin       ||     5
Dodge: Dodged            ||    36
Block: Buckler           ||     3

Table legend:
 A = Spawn XP
 B = Non-spawn XP
 C = Spawn XP percentage of total XP
 D = Spawn monster count
 E = Non-spawn monster count
 F = Spawn count percentage of total count
 G = Total turns spent on level
                    A         B        C        D         E        F      G
               +---------+---------+-------+---------+---------+-------+---------
         Total |       0 |      62 |   0.0 |       0 |      28 |   0.0 |   831
               +---------+---------+-------+---------+---------+-------+---------
           D:1 |       0 |      18 |   0.0 |       0 |      13 |   0.0 |   664
           D:2 |       0 |      44 |   0.0 |       0 |      15 |   0.0 |   167
               +---------+---------+-------+---------+---------+-------+---------
